Map: Echo LE (Void)

Players

PrettyFlacko - Winner!

  • Race: Zerg Zerg
  • League: Platinum
  • Spawn Location: 11:00

Fropez

  • Race: Protoss Protoss
  • League: Gold
  • Spawn Location: 5:00

VOD

Have the link to the VOD?

Description

Time

  • Played on: Dec. 9, 2016, 7:04 p.m.
  • Length: 5:10
Show
View Real Time Build Order
Export as new Build Order

PrettyFlacko Zerg - Winner!

Build Orders: Pool Only, Zergling Baneling 

Get SALT Encoding   

  12  0:18  Extractor  
  12  0:20  Spawning Pool  
  10  0:24  Drone  
  11  0:29  Drone  
  11  0:35  Drone  
  13  0:41  Drone  
  14  0:51  Overlord  
  14  1:01  Extractor  
  13  1:06  Zergling x2  
  13  1:11  Zergling x2  
  16  1:17  Metabolic Boost  
  16  1:19  Zergling x2  
  17  1:31  Queen  
  19  1:36  Zergling x2  
  20  1:47  Baneling Nest  
  20  1:51  Zergling x2  
  20  1:56  Zergling x2  
  20  2:18  Zergling x2  
  20  2:19  Zergling x2  
  21  2:32  Baneling  
  21  2:33  Baneling x5  
  21  2:37  Overlord  
  18  2:58  Zergling x2  
  18  2:59  Zergling x8  
  22  3:07  Zergling x2  
  22  3:15  Zergling x2  
  22  3:27  Roach Warren  
  22  3:31  Drone  
  22  3:38  Drone  
  21  3:49  Zergling x2  
  21  3:59  Zergling x2  
  21  4:00  Zergling x4  
  24  4:07  Roach  
  25  4:20  Roach  
  25  4:22  Baneling  
  25  4:23  Baneling x2  
  27  4:26  Zergling x2  
  27  4:27  Zergling x2  
Show
View Real Time Build Order
Export as new Build Order

Fropez Protoss 

Build Orders: 1 Gate Expand 

Get SALT Encoding   

  12  0:02  Probe (Chrono Boost)  
  13  0:22  Probe (Chrono Boost)  
  13  0:25  Pylon  
  14  0:33  Probe (Chrono Boost)  
  15  0:45  Gateway  
  15  0:46  Probe (Chrono Boost)  
  16  0:50  Assimilator  
  16  0:57  Probe (Chrono Boost)  
  17  1:10  Probe (Chrono Boost)  
  18  1:23  Nexus  
  18  1:28  Pylon  
  18  1:29  Probe (Chrono Boost)  
  20  1:40  Probe (Chrono Boost)  
  20  1:45  Assimilator  
  20  1:49  Cybernetics Core  
  20  1:51  Probe (Chrono Boost)  
  20  2:29  Mothership Core (Chrono Boost)  
  21  2:31  Adept  
  23  2:45  Probe (Chrono Boost)  
  23  2:47  Probe (Chrono Boost)  
  12  2:58  Probe (Chrono Boost)  
  14  3:05  Adept  
  14  3:06  Probe (Chrono Boost)  
  14  3:08  Warp Gate (Chrono Boost)  
  14  3:11  Probe (Chrono Boost)  
  16  3:20  Probe (Chrono Boost)  
  16  3:25  Probe  
  18  3:32  Adept (Chrono Boost)  
  20  3:39  Probe  
  21  3:41  Probe  
  18  4:12  Probe x2  
  20  4:17  Gateway  
  20  4:24  Probe  
  21  4:31  Probe  
  17  4:50  Probe  
  13  4:55  Pylon  
  13  4:56  Probe  
Tags
 
Add a new tag
Caveats
  • Supply blocks, unpowered buildings, or Contaminate may cause inaccurate times.
  • Supply counts are checked every 10 seconds.